cohdb
Replays
Latest Replays
All Replays
Popular Replays
Top Player Replays
Match Explorer
How It Works
Community
CoH3 Stats
Reddit
Sign in to upload your games and track your stats! →
Sign in with Steam
Match 42295376
Unlisted
Match 42295376
Overview
Messages
Build Orders
End
Scout Squad
Construct Barracks
1⁄4-ton 4x4 Truck
Riflemen Squad
Riflemen Squad
Infantry Support Center
Engineer Squad
Grenade Package
Construct Weapon Support Center
M3 Armored Personnel Carrier
M3 Armored Personnel Carrier
Selects Heavy Weapons
Selects Assault Carriers
Selects Exchangeable Parts
Riflemen Squad
M1918 Browning Automatic Rifles
Construct Medical Station
Riflemen Squad
Riflemen Squad
Riflemen Squad
Riflemen Squad
Engineer Squad
Survival Training
Advanced Logistics
Insomniac
Sirene
Dylan Il Bellissimo Arrogante
P3prime
0
0
Comments
sign in to comment!
No comments posted yet!